 Dungeon Crawl Stone Soup version 0.30-a0-422-g946f4849ff (webtiles) character file.

Game seed: 4560050513339172500

4 diemos2004 the Cudgeller (level 1, 0/16 HPs)
             Began as a Human Reaver on Dec 8, 2022.
             Slain by a kobold
             ... wielding a +0 dagger
              (2 damage)
             ... on level 2 of the Dungeon.
             The game lasted 00:02:08 (63 turns).

diemos2004 the Cudgeller (Human Reaver)               Turns: 63, Time: 00:02:09

Health: 0/16       AC:  3    Str: 12    XL:     1   Next: 77%
Magic:  3/3        EV: 11    Int: 13    God:
Gold:   7          SH:  0    Dex: 11    Spells: 3/4 levels left

rFire   . . .      SeeInvis .    a - +0 mace
rCold   . . .      Faith    .    (no shield)
rNeg    . . .      Spirit   .    b - +0 leather armour
rPois   .          Reflect  .    (no helmet)
rElec   .          Harm     .    (no cloak)
rCorr   .          Rampage  .    (no gloves)
Will    .....                    (no boots)
Stlth   +.........               (no amulet)
HPRegen 0.22/turn                (no ring)
MPRegen 0.08/turn                (no ring)

@: no status effects
A: no striking features
a: no special abilities


You were on level 2 of the Dungeon.
You visited 1 branch of the dungeon, and saw 2 of its levels.

You collected 7 gold pieces.

Inventory:

Hand Weapons
 a - a +0 mace (weapon)
Armour
 b - a +0 leather armour (worn)


   Skills:
 + Level 2.0 Fighting
 + Level 3.2 Maces & Flails
 + Level 2.0 Dodging
 + Level 2.0 Spellcasting
 + Level 3.0 Conjurations


You had 3 spell levels left.
You knew the following spells:

 Your Spells              Type           Power      Damage    Failure   Level
a - Kiss of Death         Conj/Necr      20%        2d7       17%         1

Your spell library contained the following spells:

 Spells                   Type           Power      Damage    Failure   Level
 Momentum Strike          Conj/Tloc      10%        3d8       26%         2
 Hailstorm                Conj/Ice       5%         3d4       45%         3


Dungeon Overview and Level Annotations

Branches:
Dungeon (2/15)

Altars:


Message History

A quokka comes into view.
Unknown command.
A kobold and a worm come into view.
The goblin shouts!
The kobold shouts!
The ball python bites you but does no damage.
The ball python grabs you. The ball python constricts you.
You hit the ball python.
You kill the ball python!
You closely miss the quokka. The quokka closely misses you.
The goblin barely misses you.
You closely miss the quokka. The quokka barely misses you.
The kobold hits you but does no damage. The goblin misses you.
You hit the quokka.
The quokka is heavily wounded.
The quokka completely misses you. The kobold hits you with a +0 dagger.
The goblin barely misses you.
The quokka bites you but does no damage.
You barely miss the quokka.
The quokka is heavily wounded.
The quokka barely misses you. The kobold hits you but does no damage.
The goblin barely misses you.
You sock the quokka!
You kill the quokka!
The kobold barely misses you. The goblin hits you but does no damage.
You hit the worm.
The worm is lightly wounded.
The kobold hits you with a +0 dagger.
The goblin hits you with a +1 dagger of holy wrath.
The kobold hits you but does no damage.
The goblin hits you with a +1 dagger of holy wrath.
You hit the worm.
The worm is heavily wounded.
The worm bites you!
Ouch! That really hurt!
* * * LOW HITPOINT WARNING * * *
The kobold barely misses you. The goblin hits you but does no damage.
You hit the worm.
The worm is heavily wounded.
The kobold hits you with a +0 dagger.
You die...

..# #.# ###.# ###...##
###...#..#
#####........##
###.'...........#
#...##.#........##
#...#@.#.....⌠.....#
#.....gwK##........#.##
..........#...........#
.#........##........#+#
.....⌠.....#..#†..###
#........#.##.†.###
#...........#.###
##........####


You could see a worm, a goblin and a kobold.

Vanquished Creatures
  2 hobgoblins (D:2)
  A quokka (D:2)
  A ball python (D:2)
4 creatures vanquished.

Notes
Turn   | Place    | Note
-------+----------+-------------------------------------------
     0 | D:1      | diemos2004 the Human Reaver began the quest for the Orb.
     0 | D:1      | Reached XP level 1. HP: 16/16 MP: 3/3
    63 | D:2      | Slain by a kobold

Illustrated notes

Levels and vault maps discovered:
D:1:      saegor_arrival_simple_d, layout_basic
D:2:      minmay_skewed_foursquare, layout_loops_corners, basic_altar,
          minmay_heptomino_d4

Action                   || total
-------------------------++-------
Melee: Mace              ||    20
Armor: Leather armour    ||    10
Dodge: Dodged            ||    19

Table legend: (Time is in decaauts)
 A = Elapsed time spent in this place.
 B = Non-inter-level travel time spent in this place.
 C = Inter-level travel time spent in this place.
 D = Time resting spent in this place.
 E = Time spent auto-exploring this place.
 F = Levels seen in this place.
 G = Mean time per level.
                   A        B        C        D        E       F      G
               +--------+--------+--------+--------+--------+-----+--------+
         Total |     67 |     49 |     18 |      0 |      0 |   2 |   33.5 |
       Dungeon |     67 |     49 |     18 |      0 |      0 |   2 |   33.5 |
               +--------+--------+--------+--------+--------+-----+--------+

Top non-repeatable levels by time:
     D:2: 61 daAuts
     D:1: 6 daAuts
